 Dungeon Crawl Stone Soup version 0.27.1 (webtiles) character file.

Game seed: 17544025584428952540

16 Atelerd the Digger (level 2, -1/17 HPs)
             Began as an Octopode Earth Elementalist on Sept 4, 2021.
             Killed by nerve-wracking pain
             ... invoked by Jessica
              (13 damage)
             ... on level 2 of the Dungeon.
             The game lasted 00:00:25 (1128 turns).

Atelerd the Digger (Octopode Earth Elementalist)    Turns: 1128, Time: 00:00:26

Health: -1/17      AC:  1    Str:  7    XL:     2   Next: 58%
Magic:  4/5        EV: 13    Int: 17    God:
Gold:   49         SH:  0    Dex: 12    Spells: 4/5 levels left

rFire    . . .     SeeInvis .   (no weapon)
rCold    . . .     Faith    .   (no shield)
rNeg     . . .     Spirit   .   (helmet restricted)
rPois    .         Reflect  .   (no amulet)
rElec    .         Harm     .   (no ring)
rCorr    .         Rampage  .   (no ring)
Will     .....                  (no ring)
Stlth    +++.......             (no ring)
HPRegen  0.05/turn              (no ring)
MPRegen  0.09/turn              (no ring)
                                (no ring)
                                (no ring)

@: no status effects
A: almost no armour, amphibious, 8 rings, camouflage 1, gelatinous body 1,
(nimble swimmer 1), tentacles
a: no special abilities


You were on level 2 of the Dungeon.
You visited 1 branch of the dungeon, and saw 2 of its levels.

You collected 49 gold pieces.

Inventory:

Missiles
 b - 11 stones
Scrolls
 c - 3 scrolls of magic mapping {unknown}
 d - 2 scrolls of immolation {unknown}
 g - a scroll of summoning {unknown}
 h - a scroll of amnesia {unknown}
Potions
 a - a potion of mutation {unknown}
 e - 2 potions of invisibility {unknown}
 f - a potion of degeneration {unknown}


   Skills:
 - Level 2.0 Dodging
 - Level 2.6 Stealth
 + Level 2.3 Spellcasting
 + Level 1.5 Transmutations
 + Level 3.3 Earth Magic


You had 4 spell levels left.
You knew the following spells:

 Your Spells              Type           Power      Damage    Failure   Level
a - Sandblast             Erth           26%        2d8       4%          1

Your spell library contained the following spells:

 Spells                   Type           Power      Damage    Failure   Level
 Passwall                 Tmut/Erth      8%         N/A       11%         2
 Stone Arrow              Conj/Erth      14%        3d7       28%         3
 Tukima's Dance           Hex            1%         N/A       50%         3
 Petrify                  Tmut/Erth      10%        N/A       56%         4
 Passage of Golubria      Tloc           N/A        N/A       88%         4
 Yara's Violent Unravell  Hex/Tmut       2%         3d3       98%         5


Dungeon Overview and Level Annotations

Branches:
Dungeon (2/15)

Altars:

Annotations:
D:2 Jessica


Innate Abilities, Weirdness & Mutations

You cannot wear most types of armour.
You are amphibious.
You can wear up to eight rings at the same time.
Your skin changes colour to match your surroundings (Stealth+).
Your rubbery body absorbs attacks. (AC +1, EV +1)
((You are camouflaged near water. (Stealth+)))
You have tentacles for arms and can constrict up to eight enemies at once.


Message History

You can't see any susceptible monsters within range! (Use Z to cast anyway.) No target in view!
h - a scroll labelled WIFEWKI VIEWKA No target in view!
You can't see any susceptible monsters within range! (Use Z to cast anyway.)
You see here a +0 short sword.
There is an open door here.
You see here a +0 dagger.
There is an open door here.
Found a stone staircase leading up.
No target in view!
You can't see any susceptible monsters within range! (Use Z to cast anyway.)
There is a stone staircase leading up here.
A frilled lizard comes into view.
The frilled lizard hisses angrily.
The blast of sand misses the frilled lizard.
Found a stone staircase leading down.
The frilled lizard closely misses you.
The blast of sand hits the frilled lizard.
You kill the frilled lizard!
You see here a frilled lizard corpse.
Jessica the Apprentice Sorceress comes into view.
She is wielding a +0 dagger.
Found 13 gold pieces.
Found a stone staircase leading down.
You can't see any susceptible monsters within range! (Use Z to cast anyway.)
There is a stone staircase leading down here.
Jessica is nearby!
Jessica grins evilly.
Jessica casts a spell.
Jessica blinks!
You can't see any susceptible monsters within range! (Use Z to cast anyway.)
A bat comes into view.
Found a stone staircase leading down.
The blast of sand misses Jessica.
Jessica hits you with a +0 dagger.
There are monsters nearby!
You tentacle-slap Jessica but do no damage.
You grab Jessica.
You constrict Jessica, but do no damage.
Jessica casts a spell at you. Pain shoots through your body!
Ouch! That really hurt!
You die...

## ##.## .. #...# ##
###...### ##.......###
#...........
#........#.#
####.#$##...###.#
.b...>.@.....##.#
##..#.@##..>.##.##
##### #..
##.#.#...###.... ....
...#............
...#>#####.#...#######
#...#.#####.##†## #..
#..........# ...
#######.#### #..# #..


You could see Jessica and a bat (asleep).

Vanquished Creatures
  An endoplasm (D:1)
  2 hobgoblins (D:2)
  4 kobolds
  2 quokkas (D:1)
  A ball python (D:1)
  A ball python skeleton (D:2)
  A bat (D:2)
  A frilled lizard (D:2)
  A goblin (D:1)
  2 rats
16 creatures vanquished.

Notes
Turn   | Place    | Note
-------+----------+-------------------------------------------
     0 | D:1      | Atelerd the Octopode Earth Elementalist began the quest for
                  | the Orb.
     0 | D:1      | Reached XP level 1. HP: 11/11 MP: 3/3
   357 | D:1      | Reached XP level 2. HP: 17/17 MP: 1/5
  1121 | D:2      | Noticed Jessica
  1128 | D:2      | Killed from afar by Jessica

Illustrated notes

Levels and vault maps discovered:
D:1:      scummos_arrival_hexagon, layout_rooms, grunt_decor_resistance,
          chequers_serial_rivers_micro_d, hex_tiny
D:2:      layout_loops_ring, grunt_ministairs_10, minmay_goblin_kobold_house,
          uniq_jessica

Action                   || total
-------------------------++-------
Melee: Unarmed           ||    13
       Constrict         ||     4
       Tentacles         ||     1
 Cast: Sandblast         ||    19
 Stab: Sleeping          ||     1
Armor: Skin              ||     3
Dodge: Dodged            ||    18
